cohdb
Replays
Latest Replays
All Replays
Popular Replays
Top Player Replays
Match Explorer
How It Works
Community
CoH3 Stats
Reddit
Sign in to upload your games and track your stats! →
Sign in with Steam
Match 40993986
Unlisted
Match 40993986
Overview
Messages
Build Orders
End
Construct Infanterie Kompanie
Grenadier Squad
GrW 34 Mortar Team
Grenadier Squad
MG 42 Machine Gun Team
Construct Panzergrenadier Kompanie
Panzergrenadier Squad
Pak 40 Anti-tank Gun Team
Medical Station
Selects Terror Battlegroup
Selects Machine Gun Camouflage
Selects Interrogate
Pioneer Squad
Pinhi
Insurmountable Odds
The_pope
Mistadobalina
SteveMcQueef
jordstg
0
0
Comments
sign in to comment!
No comments posted yet!